Map: Hard Lead LE

Players

Moat - Winner!

  • Race: Terran Terran
  • Spawn Location: 11:00

SubN

  • Race: Zerg Zerg
  • League: Diamond
  • Spawn Location: 5:00

VOD

Have the link to the VOD?

Description

Time

  • Played on: Jan. 20, 2024, 3:23 p.m.
  • Length: 6:50
Show
View Real Time Build Order
Export as new Build Order

Moat Terran - Winner!

Build Orders: Gas First Reaper Expand 

Get SALT Encoding   

  12  0:00  SCV  
  13  0:13  SCV  
  14  0:17  Supply Depot  
  14  0:25  SCV  
  14  0:28  Refinery  
  15  0:38  SCV  
  16  0:46  Barracks  
  16  0:50  SCV  
  17  1:03  SCV  
  18  1:10  Barracks  
  18  1:26  SCV  
  19  1:33  Reaper  
  19  1:37  Supply Depot  
  20  1:45  Orbital Command  
  20  1:58  Barracks Tech Lab  
  20  2:13  Barracks Reactor  
  20  2:20  Marine  
  20  2:22  Command Center  
  21  2:28  Stimpack  
  21  2:41  SCV  
  21  2:43  Marine  
  23  2:49  Refinery  
  23  2:50  Marine x2  
  25  2:53  SCV  
  25  3:01  Marine  
  26  3:08  Marine x2  
  28  3:13  SCV  
  28  3:17  Factory  
  28  3:19  Marine  
  30  3:31  Marine  
  30  3:33  Marine  
  30  3:34  SCV  
  33  3:37  Marine  
  34  3:48  SCV  
  35  3:53  Marine x2  
  35  3:54  Marine  
  38  3:58  Orbital Command  
  38  4:06  Factory Reactor  
  38  4:09  Starport  
  38  4:11  Bunker  
  38  4:12  Combat Shield  
  38  4:13  Supply Depot  
  38  4:17  SCV  
  39  4:19  Marine  
  39  4:22  Marine  
  41  4:41  SCV x2  
  43  4:49  Marine x3  
  46  4:53  SCV, Medivac x2  
  46  4:54  SCV  
  52  5:05  SCV  
  52  5:06  SCV  
  54  5:10  Supply Depot  
  54  5:15  Engineering Bay  
  54  5:20  Factory Reactor  
  54  5:32  Marine x2, SCV x2  
  58  5:37  Marine  
  58  5:38  Medivac  
  58  5:42  Supply Depot  
  61  5:44  SCV  
  61  5:46  Missile Turret, Supply Depot  
  61  5:48  Missile Turret  
  62  6:03  Marine, SCV x2  
  62  6:04  Marauder  
  62  6:31  Marine x2  
  70  6:35  Armory  
Show
View Real Time Build Order
Export as new Build Order

SubN Zerg 

Build Orders: Hatch First 

Get SALT Encoding   

  12  0:00  Drone  
  13  0:12  Overlord  
  13  0:16  Drone  
  14  0:30  Drone x2  
  16  0:42  Drone  
  17  0:50  Hatchery  
  17  0:54  Drone  
  17  0:57  Drone  
  18  1:07  Extractor  
  17  1:20  Spawning Pool  
  16  1:28  Drone x3  
  19  1:40  Drone  
  20  1:50  Overlord  
  20  2:01  Drone  
  21  2:06  Queen x2  
  25  2:10  Drone  
  25  2:13  Drone  
  27  2:15  Zergling x2  
  29  2:22  Drone  
  29  2:25  Zergling x2  
  30  2:30  Metabolic Boost  
  29  2:46  Drone x4  
  33  2:55  Hatchery  
  32  3:01  Queen  
  34  3:08  Drone x2  
  34  3:09  Overlord  
  34  3:10  Overlord  
  36  3:18  Lair  
  35  3:35  Extractor  
  35  3:36  Drone  
  35  3:37  Drone x3  
  38  3:43  Zergling x4  
  40  3:54  Drone x3  
  43  3:57  Drone  
  43  4:02  Overlord  
  44  4:10  Queen  
  44  4:11  Queen  
  44  4:13  Drone x2  
  50  4:18  Overlord x2  
  50  4:28  Drone, Baneling Nest, Roach Warren  
  49  4:38  Drone x5  
  54  4:41  Overlord  
  54  4:45  Overlord  
  54  4:56  Queen  
  56  5:00  Drone x5  
  56  5:04  Drone, Extractor  
  56  5:05  Drone, Extractor  
  61  5:07  Drone  
  61  5:09  Drone  
  61  5:11  Drone  
  64  5:14  Drone x2  
  64  5:16  Drone  
  67  5:23  Baneling  
  67  5:24  Baneling x7  
  67  5:31  Queen  
  69  5:37  Drone x4  
  69  5:38  Evolution Chamber  
  69  5:39  Evolution Chamber  
  69  5:41  Queen  
  73  5:46  Drone  
  74  5:53  Drone  
  74  5:54  Spore Crawler  
  74  5:56  Spire  
  73  5:57  Drone x3  
  73  6:04  Zergling x10  
  76  6:21  Zergling x2  
  76  6:22  Zergling x12  
Tags
 
Add a new tag
Caveats
  • Supply blocks, unpowered buildings, or Contaminate may cause inaccurate times.
  • Supply counts are checked every 10 seconds.